 Dungeon Crawl Stone Soup version 0.30-a0-715-gdb4ae3ece1 (webtiles) character file.

Game seed: 16786288045074728424

110 ASSMAN the Slasher (level 4, -1/57 HPs)
             Began as a Barachi Berserker on Jan 24, 2023.
             Was a Believer of Trog.
             Slain by Terence
             ... wielding a +5 trident of venom
              (2 damage)
             ... on level 2 of the Dungeon.
             The game lasted 00:02:00 (959 turns).

ASSMAN the Slasher (Barachi Berserker)               Turns: 959, Time: 00:02:00

Health: -1/57      AC: 11    Str: 18    XL:     4   Next: 91%
Magic:  4/4        EV:  8    Int:  8    God:    Trog [**....]
Gold:   55         SH:  0    Dex: 13    Spells: 3/3 levels left

rFire   . . .      SeeInvis .    a - +0 falchion
rCold   . . .      Faith    .    (no shield)
rNeg    . . .      Spirit   .    g - +0 chain mail
rPois   .          Reflect  .    (no helmet)
rElec   .          Harm     .    h - +0 cloak
rCorr   .          Rampage  .    l - +0 pair of gloves
Will    .....                    (no boots) Stlth
                                 (no amulet)
HPRegen 0.29/turn                (no ring)
MPRegen 0.09/turn                (no ring)

@: berserking, lethally poisoned (-1 -> -17), very quick
A: amphibious, slowness 1, strong legs 1, +LOS
a: Hop, Renounce Religion, Berserk, Trog's Hand


You were on level 2 of the Dungeon.
You worshipped Trog.
Trog was pleased with you.
You visited 1 branch of the dungeon, and saw 3 of its levels.

You collected 55 gold pieces.

Inventory:

Hand Weapons
 a - a +0 falchion (weapon)
Missiles
 d - a throwing net
Armour
 g - a +0 chain mail (worn)
 h - a +0 cloak (worn)
 l - a +0 pair of gloves (worn)
Scrolls
 b - 2 scrolls of identify {unknown}
 c - 2 scrolls of amnesia {unknown}
 e - a scroll of noise {unknown}
 f - a scroll of enchant weapon {unknown}
 j - a scroll of teleportation {unknown}
Potions
 i - a potion of berserk rage {unknown}
 k - a potion of curing {unknown}


   Skills:
 + Level 4.5 Fighting
 + Level 4.5 Long Blades
 + Level 3.6 Armour
 + Level 3.2 Dodging


You had 3 spell levels left.
You didn't know any spells.
Your spell library was empty.

Dungeon Overview and Level Annotations

Branches:
Dungeon (3/15)

Altars:

Annotations:
D:2 Terence


Innate Abilities, Weirdness & Mutations

You are amphibious.
You cover ground slowly.
You can hop short distances.
You have an extended range of vision and can be seen from far away.


Message History

Terence shouts!
Terence is nearby!
Terence is nearby!
Terence hits you from afar with a +5 trident of venom!
You are poisoned.
Terence hits you from afar with a +5 trident of venom.
You are lethally poisoned!
You feel extremely sick. Terence closely misses you.
A red film seems to cover your vision as you go berserk!
You feel yourself moving faster!
You feel mighty!
You feel very sick. Terence closely misses you.
You hit Terence.
Terence is moderately wounded.
* * * LOW HITPOINT WARNING * * *
You feel very sick. Terence hits you but does no damage.
You are more poisoned.
You barely miss Terence.
Terence is moderately wounded.
* * * LOW HITPOINT WARNING * * *
You feel very sick.
You hit Terence.
Terence is moderately wounded.
* * * LOW HITPOINT WARNING * * *
You feel very sick. Terence hits you but does no damage.
You are more poisoned.
You slash Terence!
Terence is severely wounded.
* * * LOW HITPOINT WARNING * * *
You feel very sick. Terence barely misses you.
You hit Terence.
Terence is almost dead.
* * * LOW HITPOINT WARNING * * *
You feel very sick.
Terence hits you with a +5 trident of venom.
You die...

##....)†#....
###.##.##.## #..###..##
##..#..## #......# #
#########.#.##.###
#......##.#....)..
#.####.........##.
#@##.#..#...>..##.
.......@..........##.###.
.......#.##.#..##.##.# ##
.......#.####..##.##.# #
...... #.............# #
###### ##########.####
#.# #########)#
..........#


You could see Terence.

Vanquished Creatures
  4 gnolls (D:2)
  3 adders
  2 dart slugs (D:1)
  2 ball pythons
  5 bats
  3 endoplasms (D:1)
  2 giant cockroaches
  5 goblins
  2 hobgoblins (D:2)
  2 jackals (D:1)
  3 quokkas
  3 kobolds
  4 rats
40 creatures vanquished.

Notes
Turn   | Place    | Note
-------+----------+-------------------------------------------
     0 | D:1      | ASSMAN the Barachi Berserker began the quest for the Orb.
     0 | D:1      | Reached XP level 1. HP: 18/18 MP: 1/1
   105 | D:1      | Reached XP level 2. HP: 18/25 MP: 2/2
   242 | D:1      | Found a faded altar of an unknown god.
   388 | D:1      | Reached XP level 3. HP: 22/30 MP: 3/3
   728 | D:2      | Reached XP level 4. HP: 37/37 MP: 4/4
   801 | D:2      | Reached ** piety under Trog
   951 | D:2      | Noticed Terence
   959 | D:2      | HP: 1/57 [poisoned by Terence]
   959 | D:2      | Slain by Terence

Illustrated notes

Levels and vault maps discovered:
D:1:      dpeg_arrival_long_road, layout_rooms,
          chequers_ecumenical_altar_simple_redux
D:2:      layout_loops_cross, minmay_fractal_squares_gapless_5, uniq_terence
D:3:      layout_loops_ring, cheibrodos_ashenzari_chains, serial_shops, shop,
          gammafunk_ghost_abyssal_escape, dreamdust_princess_corridor

Skill      XL: |  1  2  3 |
---------------+----------+-----
Long Blades    | 4 |  4.5
Fighting       | 4 |  4.5
Armour         | 3 |  3.6
Dodging        | 3 |  3.2

Action                     |  1- 3 |  4- 6 || total
---------------------------+-------+-------++-------
  Melee: Falchion          |   111 |    37 ||   148
         Punch             |       |     1 ||     1
 Invoke: Berserk           |     2 |     2 ||     4
Ability: Hop               |     1 |       ||     1
    Use: Potion            |     1 |       ||     1
 Armour: Animal skin       |    20 |       ||    20
         Chain mail        |    47 |    23 ||    70
  Dodge: Dodged            |    78 |    33 ||   111

Table legend: (Time is in decaauts)
 A = Elapsed time spent in this place.
 B = Non-inter-level travel time spent in this place.
 C = Inter-level travel time spent in this place.
 D = Time resting spent in this place.
 E = Time spent auto-exploring this place.
 F = Levels seen in this place.
 G = Mean time per level.
                   A        B        C        D        E       F      G
               +--------+--------+--------+--------+--------+-----+--------+
         Total |   1108 |   1098 |     10 |     74 |    639 |   3 |  369.3 |
       Dungeon |   1108 |   1098 |     10 |     74 |    639 |   3 |  369.3 |
               +--------+--------+--------+--------+--------+-----+--------+

Top non-repeatable levels by time:
     D:1: 584 daAuts
     D:2: 448 daAuts
     D:3: 76 daAuts
